 Seeded DCSS version 0.27-a0-909-g0721f309d1 (webtiles) character file.

Game seed: 1642767598979250077 (custom seed)

1474 HELP the Covert (level 8, 0/48 HPs)
             Began as an Octopode Venom Mage on Apr 8, 2021.
             Was an Initiate of Gozag.
             Killed from afar by a steam dragon (7 damage)
             ... with a ball of steam
             ... on level 6 of the Dungeon.
             The game lasted 00:36:59 (7351 turns).

HELP the Covert (Octopode Venom Mage)               Turns: 7351, Time: 00:36:59

Health: 0/48       AC:  1    Str:  7    XL:     8   Next: 78%
Magic:  0/14       EV: 13    Int: 23    God:    Gozag
Gold:   179        SH:  0    Dex: 13    Spells: 2/15 levels left

rFire    + . .     SeeInvis .   a - +12 dagger "Juing" {vorpal, Int+4}
rCold    . . .     Faith    .   (no shield)
rNeg     . . .     Spirit   +   (helmet restricted)
rPois    .         Reflect  .   d - amulet of guardian spirit
rElec    .         Harm     .   l - ring of protection from fire
rCorr    +         Rampage  .   w - +4 ring of slaying
Will     .....                  z - ring of resist corrosion
Stlth    +++++.....             (no ring)
HPRegen  0.16/turn              (no ring)
MPRegen  0.14/turn              (no ring)
                                (no ring)
                                (no ring)

@: very slightly contaminated
A: almost no armour, amphibious, 8 rings, camouflage 1, gelatinous body 1,
(nimble swimmer 1), tentacles
a: Renounce Religion, Potion Petition, Call Merchant, Bribe Branch


You were on level 6 of the Dungeon.
You worshipped Gozag.
Gozag was aware of your devotion.
You visited 1 branch of the dungeon, and saw 6 of its levels.

You collected 618 gold pieces.
You spent 384 gold pieces at shops.
You paid 55 gold pieces to Gozag.

Inventory:

Hand Weapons
 a - the +12 dagger "Juing" (weapon) {vorpal, Int+4}
   (You bought it in a shop on level 2 of the Dungeon)

   It inflicts extra damage upon your enemies.
   It affects your intelligence (+4).
 i - a +0 hunting sling
Missiles
 c - 8 poisoned darts
 e - 211 stones (quivered)
 v - 9 sling bullets
Magical Staves
 b - a staff of poison
Jewellery
 d - an amulet of guardian spirit (around mantle)
 l - a ring of protection from fire (left tentacle)
 w - a +4 ring of slaying (right tentacle)
 z - a ring of resist corrosion (on tentacle)
Scrolls
 f - 2 scrolls of immolation {unknown}
 h - 3 scrolls of enchant weapon
 n - a scroll of blinking {unknown}
 p - a scroll of amnesia {unknown}
 s - a scroll of fog {unknown}
 t - a scroll of torment {unknown}
 x - a scroll of vulnerability {unknown}
 y - a scroll of teleportation {unknown}
Potions
 g - 2 potions of haste
 j - a potion of flight
 k - a potion of brilliance
 m - 2 potions of invisibility
 o - a potion of heal wounds {unknown}
 q - a potion of degeneration {unknown}
 r - a potion of berserk rage {unknown}
 u - 2 potions of curing


   Skills:
 + Level 1.3 Fighting
 * Level 2.2 Short Blades
 + Level 2.6 Dodging
 + Level 9.2 Stealth
 + Level 4.0 Spellcasting
 - Level 2.0 Conjurations
 - Level 2.0 Transmutations
 - Level 2.0 Fire Magic
 - Level 2.0 Air Magic
 - Level 7.0 Poison Magic


You had 2 spell levels left.
You knew the following spells:

 Your Spells              Type           Power      Damage    Failure   Level
a - Sting                 Tmut/Pois      100%       1d8       1%          1
d - Olgreb's Toxic Radia  Pois           37%        N/A       6%          4
s - Mephitic Cloud        Conj/Pois/Air  21%        N/A       7%          3
x - Ignite Poison         Fire/Tmut/Pois 21%        N/A       7%          3
z - Poisonous Vapours     Pois/Air       50%        N/A       2%          2

Your spell library contained the following spells:

 Spells                   Type           Power      Damage    Failure   Level
 Animate Skeleton         Necr           8%         N/A       11%         1
 Pain                     Necr           16%        1d4       11%         1
 Confusing Touch          Hex            4%         N/A       30%         3
 Gell's Gravitas          Tloc           2%         N/A       30%         3
 Vampiric Draining        Necr           2%         2d6       30%         3
 Petrify                  Tmut/Erth      9%         N/A       56%         4
 Animate Dead             Necr           2%         N/A       71%         4
 Yara's Violent Unravell  Hex/Tmut       4%         3d4       88%         5
 Agony                    Necr           4%         N/A       96%         5
 Metabolic Englaciation   Hex/Ice        2%         N/A       96%         5


Dungeon Overview and Level Annotations

Branches:
Dungeon (6/15)
 Temple: D:4-7

Altars:
Gozag

Shops:
D:2 *


Innate Abilities, Weirdness & Mutations

You cannot wear most types of armour.
You are amphibious.
You can wear up to eight rings at the same time.
Your skin changes colour to match your surroundings (Stealth+).
Your rubbery body absorbs attacks. (AC +1, EV +1)
((You are camouflaged near water. (Stealth+)))
You have tentacles for arms and can constrict up to eight enemies at once.


Message History

The steam dragon bites you!
* * * LOW HITPOINT WARNING * * *
The steam dragon misses you.
You closely miss the steam dragon. You squeeze the steam dragon.
The steam dragon is heavily wounded.
The steam dragon barely misses you. The steam dragon closely misses you.
You hit the steam dragon but do no damage.
The steam dragon is heavily wounded.
The steam dragon breathes steam at you. The ball of steam misses you.
You hear an angry hiss.
The steam dragon barely misses you. The steam dragon closely misses you.
Casting: Poisonous Vapours (safe; 2% risk of failure)
Confirm with . or Enter, or press ? or * to list all spells.
Aiming: Poisonous Vapours (safe; 2% risk of failure)
Press: ? - help, Dir - move target, f - orc wizard, p - steam dragon
Aim: an orc wizard, wielding a +0 dagger and wearing a +0 robe You miscast Poisonous Vapours.
You are very lightly contaminated with residual magic.
Nothing appears to happen.
The steam dragon closely misses you. The steam dragon barely misses you.
Casting: Poisonous Vapours (safe; 2% risk of failure)
Confirm with . or Enter, or press ? or * to list all spells.
Aiming: Poisonous Vapours (safe; 2% risk of failure)
Press: ? - help, Dir - move target, f/p - orc wizard
Aim: an orc wizard, wielding a +0 dagger and wearing a +0 robe Poisonous vapours surround the orc wizard!
The orc wizard is engulfed in poison gas.
The orc wizard is poisoned.
The orc wizard points at itself and mumbles some strange words.
The orc wizard flickers and vanishes!
Deactivating autopickup; reactivate with Ctrl-A.
The steam dragon bites you.
* * * LOW HITPOINT WARNING * * *
The steam dragon claws you.
* * * LOW HITPOINT WARNING * * *
The steam dragon breathes steam at you. The ball of steam hits you! You resist.
You die...
Your body crumbles into a pile of gold.

g...# ... #....#.......
#..#####... #..######....#.......
#..#....... #..##..##....#.......
#..#....... #.§.#........#.......
#..#....... #...+....[...#.......
..##....... #..##..##....'.......
##....####+##..##..##....#.......
#....'.....§............#.......
#....#........§@........#.......
##....####'##.D##..##....#.......
........g...#(°######....#.......
............#.....g......#.......
.).)........'............#.......
............##############.......
+####.................# #.......
....#.................# #.......
....'.................# #.......


You could see a steam dragon (catching breath).

Vanquished Creatures
  A water moccasin (D:6)
  A sky beast (D:6)
  An ice beast (D:6)
  A black bear (D:4)
  An ogre (D:4)
  Blork the orc (D:4)
  2 scorpions
  A water moccasin skeleton (D:5)
  A howler monkey (D:4)
  A bullfrog zombie (D:6)
  A centaur zombie (D:5)
  2 jellies (D:5)
  3 hounds
  A gnoll shaman (D:6)
  3 orc priests
  A bullfrog skeleton (D:6)
  2 iguanas (D:5)
  5 orc wizards (D:5)
  A scorpion zombie (D:5)
  3 gnolls (D:6)
  6 adders
  An ufetubus (D:5)
  2 adder skeletons (D:4)
  A worm (D:2)
  A dart slug (D:4)
  10 orcs
  2 ball pythons
  10 endoplasms
  4 giant cockroaches
  14 goblins
  4 hobgoblins
  6 jackals
  4 kobolds
  3 quokkas
  8 bats
  8 frilled lizards
  11 rats
128 creatures vanquished.

Notes
Turn   | Place    | Note
-------+----------+-------------------------------------------
     0 | D:1      | HELP the Octopode Venom Mage began the quest for the Orb.
     0 | D:1      | Reached XP level 1. HP: 11/11 MP: 3/3
   175 | D:1      | Reached skill level 3 in Stealth
   180 | D:1      | Reached XP level 2. HP: 11/17 MP: 1/5
   183 | D:1      | Learned a level 2 spell: Poisonous Vapours
   943 | D:1      | Reached XP level 3. HP: 21/21 MP: 3/6
  1574 | D:2      | Found Oruschia's Assorted Antiques.
  1935 | D:2      | Reached XP level 4. HP: 18/27 MP: 7/7
  2588 | D:4      | Noticed a scorpion
  2591 | D:4      | Killed a scorpion
  2592 | D:4      | Reached skill level 4 in Stealth
  2592 | D:4      | Reached skill level 5 in Poison Magic
  2592 | D:4      | Reached XP level 5. HP: 31/31 MP: 1/9
  2897 | D:4      | Noticed an ogre
  2914 | D:4      | Killed an ogre
  2915 | D:4      | Reached XP level 6. HP: 36/36 MP: 2/10
  3036 | D:4      | Noticed Blork the orc
  3044 | D:4      | Killed Blork the orc
  3045 | D:4      | Reached skill level 5 in Stealth
  3103 | D:4      | Noticed a black bear
  3332 | D:4      | Killed a black bear
  3333 | D:4      | Reached XP level 7. HP: 41/41 MP: 2/12
  3337 | D:4      | Learned a level 3 spell: Mephitic Cloud
  3341 | D:4      | Learned a level 3 spell: Ignite Poison
  3470 | D:4      | Found an opulent altar of Gozag.
  3479 | D:4      | Became a worshipper of Gozag Ym Sagoz the Greedy
  4003 | D:3      | Found a faded altar of an unknown god.
  5458 | D:2      | Bought a shimmering dagger for 168 gold pieces
  5458 | D:2      | Identified the +12 dagger "Juing" {vorpal, Int+4} (You
                  | bought it in a shop on level 2 of the Dungeon)
  5480 | D:3      | Learned a level 4 spell: Olgreb's Toxic Radiance
  5534 | D:5      | Entered Level 5 of the Dungeon
  5546 | D:5      | Reached skill level 6 in Stealth
  5561 | D:5      | Reached skill level 1 in Fire Magic
  5561 | D:5      | Reached skill level 1 in Air Magic
  5588 | D:5      | Reached skill level 1 in Conjurations
  6179 | D:5      | Reached XP level 8. HP: 46/46 MP: 6/13
  6181 | D:5      | Reached skill level 7 in Stealth
  6355 | D:2      | Bought an opal ring for 120 gold pieces
  6355 | D:2      | Bought a scroll labelled XYBRIDWEF CUES for 24 gold pieces
  6355 | D:2      | Bought a scroll labelled XOCEUVVAUB for 24 gold pieces
  6355 | D:2      | Bought a scroll labelled XYBRIDWEF CUES for 24 gold pieces
  6355 | D:2      | Bought a scroll labelled JUWNAI HOHUORILL for 24 gold
                  | pieces
  6475 | D:6      | Reached skill level 8 in Stealth
  6806 | D:6      | Reached skill level 1 in Short Blades
  6806 | D:6      | Reached skill level 9 in Stealth
  6978 | D:6      | Reached skill level 1 in Fighting
  7351 | D:6      | Killed from afar by a steam dragon

Illustrated notes

Levels and vault maps discovered:
D:1:      lightli_arrival_noodles, layout_basic
D:2:      layout_loops_ring, serial_shops, nicolae_shop_behind_doors,
          minmay_heptomino_l4
D:3:      layout_basic, basic_ecumenical_altar, due_unseen_surprise
D:4:      layout_rooms, lemuel_crystal_altar, minivault_19, uniq_blork_the_orc
D:5:      layout_rooms
D:6:      layout_gridville, serial_shops, nicolae_shop_trees,
          guppyfry_shop_venom

Skill      XL: |  1  2  3  4  5  6  7  8 |
---------------+-------------------------+-----
Stealth        | 3 4 5 6 9 |  9.2
Poison Magic   | 4 5 6 7 |  7.0
Spellcasting   | 3 4 |  4.0
Fire Magic     | 2 |  2.0
Air Magic      | 2 |  2.0
Conjurations   | 2 |  2.0
Transmutations | 2 |  2.0
Short Blades   | 2 |  2.2
Fighting       | 1 |  1.3
Dodging        | |  2.6

Action                   |  1- 3 |  4- 6 |  7- 9 || total
-------------------------+-------+-------+-------++-------
Melee: Dagger            |    62 |    25 |    55 ||   142
       Tentacles         |     6 |     2 |    15 ||    23
       Constrict         |    16 |     7 |    11 ||    34
       Staff             |       |       |    34 ||    34
Throw: Stone             |       |       |     3 ||     3
 Cast: Sting             |    12 |     3 |     3 ||    18
       Poisonous Vapours |    11 |    27 |    61 ||    99
       Mephitic Cloud    |       |       |     4 ||     4
       Ignite Poison     |       |       |     1 ||     1
  Use: Scroll            |     1 |       |     5 ||     6
       Potion            |       |     1 |       ||     1
 Stab: Sleeping          |    15 |     1 |     9 ||    25
       Distracted        |       |       |     1 ||     1
Armor: Skin              |     6 |     5 |     5 ||    16
Dodge: Dodged            |    22 |    23 |    53 ||    98

Table legend: (Time is in decaauts)
 A = Elapsed time spent in this place.
 B = Non-inter-level travel time spent in this place.
 C = Inter-level travel time spent in this place.
 D = Time resting spent in this place.
 E = Time spent auto-exploring this place.
 F = Levels seen in this place.
 G = Mean time per level.
                   A        B        C        D        E       F      G
               +--------+--------+--------+--------+--------+-----+--------+
         Total |   7347 |   6977 |    370 |   1782 |   3554 |   6 | 1224.5 |
       Dungeon |   7347 |   6977 |    370 |   1782 |   3554 |   6 | 1224.5 |
               +--------+--------+--------+--------+--------+-----+--------+

Top non-repeatable levels by time:
     D:3: 1565 daAuts
     D:4: 1459 daAuts
     D:2: 1373 daAuts
     D:1: 1260 daAuts
     D:6: 917 daAuts
     D:5: 772 daAuts
